AoeStats
← Tingus Pingus

MegaRandom

509807013Analyzed
3v3 RM · 3d ago on Sep 28, 2026· 29m 23s· 6 players
Game mode
Random Map
Map size
Normal (6 player)
Population
200
Speed
Normal
Resources
Standard
Victory
Conquest
Starting age
Dark Age
Ending age
Imperial Age
RankedLock teamsTeams togetherTeam positionsShared explorationLock speedFull tech treeHidden civsTurbo modeCheats
Victory
Defeat
🇨🇦 Magyars · Canada
1001
+13
🇲🇽 Khmer · Mexico
950
+15
🇲🇽 Byzantines · Mexico
912
+16
🇦🇷 Dravidians · Argentina
957
-16
🇦🇷 Varangians · Argentina
932
-15
🇦🇷 Ethiopians · Argentina
892
-13
erick_carrington
2:47 Loom
8:34 Feudal Age
13:12 Castle Age
Daikuangel
3:30 Loom
10:47 Feudal Age
13:23 Double-Bit Axe
14:02 Gold Mining
17:36 Castle Age
15:24 Horse Collar
16:46 Wheelbarrow
17:04 Stone Mining
17:26 Scale Barding Armor
29:00 Imperial Age
27:35 Bow Saw
27:59 Greek Fire
28:25 Heavy Plow
28:45 Forging
29:38 Hand Cart
Tingus Pingus
6:19 Loom
8:25 Feudal Age
14:43 Bloodlines
22:06 Castle Age
20:52 Double-Bit Axe
20:48 Horse Collar
21:00 Gold Mining
22:05 Scale Barding Armor
22:58 Husbandry
28:34 Stone Mining
Matimouts
0:43 Loom
10:04 Feudal Age
10:36 Double-Bit Axe
17:55 Horse Collar
20:32 Castle Age
19:57 Bloodlines
20:20 Forging
30:15 Wheelbarrow
EL PELUCA MILEI
10:42 Loom
13:40 Feudal Age
14:13 Town Watch
17:48 Man-at-Arms
18:14 Arson
Aledecr
10:18 Feudal Age
8:53 Loom
17:02 Castle Age
18:00 Double-Bit Axe
20:01 Pikeman
20:42 Squires
23:32 Scale Mail Armor
24:30 Forging
Connection lost

Rejoining the realm…

Still unreachable

The connection could not be restored.

Session expired

The server has moved on; the page needs a fresh start.